 Dungeon Crawl Stone Soup version 0.31.0-11-ge490571c62 (webtiles) character file.

Game seed: 1075108127606223191

5123 qw the Nimble (level 10, -1/51 HPs)
             Began as a Spriggan Hunter on Feb 4, 2024.
             Was an Elder of Okawaru.
             Slain by a killer bee (8 damage)
             ... on level 9 of the Dungeon.
             The game lasted 00:01:43 (7139 turns).

qw the Nimble (Spriggan Hunter)                     Turns: 7139, Time: 00:01:44

Health: -1/51      AC:  2    Str:  7    XL:     10   Next: 32%
Magic:  15/15      EV: 33    Int: 11    God:    Okawaru [****..]
Gold:   420        SH:  0    Dex: 29    Spells: 9/9 levels left

rFire   + . .        i - +0 arbalest
rCold   . . .        (shield currently unavailable)
rNeg    . . .        c - +0 robe
rPois   .            (helmet restricted)
rElec   .            (no cloak)
rCorr   .            (gloves unavailable)
SInv    +            (boots unavailable)
Will    +....        (no amulet)
Stlth   +++          g - +6 ring of dexterity
HPRegen 0.28/turn    q - ring of protection from fire
MPRegen 0.14/turn

%: no passive effects
@: lethally poisoned (-1 -> -3), very quick
A: very small, no large weapons, unfitting armour, see invisible, speed 3, claws
1, horns 1, persistent drain
a: Renounce Religion, Heroism, Finesse


You were on level 9 of the Dungeon.
You worshipped Okawaru.
Okawaru was greatly pleased with you.
You visited 1 branch of the dungeon, and saw 9 of its levels.
You also visited: Sewer.

You collected 420 gold pieces.


Innate Abilities, Weirdness & Mutations

You are very small and have problems with some larger weapons.
You are too small for most types of armour.
You have supernaturally acute eyesight. (SInv)
You cover ground extremely quickly. (Speed+++)
You have sharp fingernails.
You have a pair of small horns on your head.
Your health recovers twice as slowly from being drained.


   Skills:
 - Level 4.9 Fighting
 + Level 10.1 Ranged Weapons
 - Level 12.4 Dodging
 - Level 1.5 Stealth
 + Level 5.5 Invocations


You had 9 spell levels left.
You didn't know any spells.
Your spell library was empty.

Inventory:

Hand Weapons
 i - a +0 arbalest (weapon)
Armour
 c - a +0 robe (worn)
Jewellery
 e - a ring of ice
 g - a +6 ring of dexterity (left claw)
 q - a ring of protection from fire (right claw)
Wands
 a - a wand of polymorph (6)
 f - a wand of digging (6)
 l - a wand of roots (3)
 n - a wand of acid (7)
 p - a wand of paralysis (12)
Potions
 b - 2 potions of cancellation
 d - 3 potions of curing
 h - a potion of might
 k - 2 potions of mutation
 o - a potion of magic

Dungeon Overview and Level Annotations

Branches:
Dungeon (9/15)             Temple (0/1) D:4           Sewer (visited)
   Lair: D:8-11         Orc: D:9-12

Altars:
Gozag
Okawaru
Vehumet

Shops:
D:3 (

Annotations:
D:6 3 runed translucent doors, qw's ghost, amateur DEHu; qw's ghost, novice DEHu


Message History

You are poisoned.
The killer bee poisons you!
The killer bee stings you but does no damage.
You shoot a bolt. The bolt closely misses the killer bee.
You feel sick. The killer bee barely misses you.
The killer bee completely misses you. The killer bee stings you.
The killer bee completely misses you. x3; The killer bee barely misses you.
You shoot a bolt. The bolt hits the killer bee!!
You kill the killer bee!
Okawaru accepts your kill.
You feel sick. The killer bee stings you!
You are more poisoned.
The killer bee poisons you! The killer bee misses you.
The killer bee completely misses you. The killer bee barely misses you.
The killer bee misses you. x2; The killer bee completely misses you. x3
You shoot a bolt. The bolt barely misses the killer bee.
You feel very sick. The killer bee completely misses you.
The killer bee misses you.
The killer bee completely misses you. x2; The killer bee stings you!
The killer bee completely misses you. The killer bee stings you!
The killer bee completely misses you. x2
You shoot a bolt. The bolt closely misses the killer bee.
You feel very sick. The killer bee closely misses you.
The killer bee completely misses you. x3
The killer bee misses you. The killer bee barely misses you. x2
The killer bee completely misses you. x2
You shoot a bolt. The bolt hits the killer bee!!
You kill the killer bee!
Okawaru accepts your kill.
You feel sick. The killer bee misses you.
The killer bee completely misses you. x2
The killer bee closely misses you.
You shoot a bolt. The bolt hits the killer bee!
The killer bee is almost dead.
You feel sick.
The killer bee completely misses you. x2
The killer bee misses you. The killer bee stings you.
A wyvern comes into view.
The killer bee completely misses you. x2
You shoot a bolt. The bolt misses the killer bee.
You feel sick. The killer bee stings you!
You die...

. # ..#.
....# ###
.....##.###
.#
#.......#..#
..#/..yy<...#
.......@..###
.......#.##
..#?..##.#
....%. ...
k..... ....
..##. .....
.. .. ..<....
.. ......


You could see a wyvern and 2 killer bees.

Vanquished Creatures
  2 two-headed ogres
  Pikel (D:5)
  Joseph (D:8)
  Prince Ribbit (D:7)
  Sigmund (D:3)
  Duvessa (D:5)
  A water moccasin (D:5)
  A black bear (D:7)
  An orc warrior (D:6)
  An ice beast (D:7)
  2 sky beasts
  A crocodile (Sewer)
  2 ogres
  A centaur (D:7)
  7 kobold brigands
  2 scorpions
  Dowan (D:5)
  6 killer bees
  A howler monkey (D:5)
  5 hounds
  5 jellies
  2 orc priests
  A gnoll bouda (D:7)
  Terence (D:2)
  2 iguanas
  2 orc wizards
  11 adders
  10 gnolls
  2 river rats (D:6)
  2 white imps
  2 ufetubi (D:5)
  2 ribbon worms
  4 dart slugs
  21 orcs
  13 endoplasms
  6 giant cockroaches
  9 goblins
  8 hobgoblins
  2 jackals (Sewer)
  32 kobolds
  3 quokkas
  13 ball pythons
  2 bats (D:1)
  7 frilled lizards
  8 rats
209 creatures vanquished.

Notes
Turn   | Place    | Note
-------+----------+-------------------------------------------
     0 | D:1      | qw the Spriggan Hunter began the quest for the Orb.
     0 | D:1      | Reached XP level 1. HP: 10/10 MP: 2/2
     0 | D:1      | 0 ||| qw: Version: 0.3-a-160-g6735b56
     0 | D:1      | 0 ||| qw: Game counter: 5836
     0 | D:1      | 0 ||| qw: Melee chars always use a shield: true
     0 | D:1      | 0 ||| qw: God list: Okawaru
     0 | D:1      | 0 ||| qw: Allow faded altars: false
     0 | D:1      | 0 ||| qw: Do Orc after clearing Dungeon:15 true
     0 | D:1      | 0 ||| qw: Do second Lair branch before Depths: true
     0 | D:1      | 0 ||| qw: Lair rune preference: random
     0 | D:1      | 0 ||| qw: Goals: Normal
     0 | D:1      | 0 ||| PLANNING D:1-11
    47 | D:1      | Reached skill level 3 in Dodging
    64 | D:1      | Found a faded altar of an unknown god.
    70 | D:1      | Reached XP level 2. HP: 14/14 MP: 3/3
    89 | D:1      | Reached skill level 4 in Dodging
   311 | D:1      | Reached XP level 3. HP: 18/18 MP: 4/4
   497 | D:1      | 497 ||| UPGRADING to +6 ring of dexterity.
   498 | D:1      | 498 ||| READING scroll labelled TIAKOAZUMO.
   499 | D:1      | 499 ||| READING 2 scrolls labelled ZOETOAPIWK.
   499 | D:1      | 499 ||| ENCHANTING +0 shortbow.
   500 | D:1      | 500 ||| READING scroll of enchant weapon.
   500 | D:1      | 500 ||| ENCHANTING +1 shortbow.
   501 | D:1      | 501 ||| READING scroll labelled GID KAHYIFUORGHAGOI.
   501 | D:1      | 501 ||| IDENTIFYING fuming golden potion
   502 | D:1      | 502 ||| READING scroll labelled KATHURI LEKHEU.
   503 | D:1      | 503 ||| READING scroll labelled LEUTHR YGUUN.
   604 | D:1      | 604 ||| DROPPING scroll of butterflies.
   629 | D:2      | 629 ||| RETREEEEATING.
   637 | D:2      | 637 ||| FLEEEEING.
   638 | D:2      | 638 ||| FLEEEEING.
   640 | D:2      | 640 ||| FLEEEEING.
   641 | D:2      | 641 ||| STAIRDANCE
   685 | D:2      | Reached skill level 5 in Dodging
   717 | D:2      | Noticed Terence
   722 | D:2      | Killed Terence
   723 | D:2      | Reached XP level 4. HP: 15/22 MP: 5/5
  1243 | D:2      | Reached XP level 5. HP: 25/25 MP: 6/6
  1304 | D:2      | 1304 ||| DROPPING ring of magical power.
  1305 | D:2      | 1305 ||| READING 2 scrolls of identify.
  1305 | D:2      | 1305 ||| IDENTIFYING brown potion
  1306 | D:2      | 1306 ||| READING scroll of identify.
  1306 | D:2      | 1306 ||| IDENTIFYING glowing clear potion
  1307 | D:2      | 1307 ||| READING scroll labelled COSKE WIFOMPU.
  1308 | D:2      | 1308 ||| DRINKING 2 glowing green potions.
  1332 | D:2      | 1332 ||| DRINKING 2 lumpy golden potions.
  1332 | D:2      | Gained mutation: You have a pair of small horns on your
                  | head. [potion of mutation]
  1332 | D:2      | Gained mutation: Your health recovers twice as slowly from
                  | being drained. [potion of mutation]
  1332 | D:2      | Gained mutation: You have sharp fingernails. [potion of
                  | mutation]
  1333 | D:2      | 1333 ||| DROPPING potion of magic.
  1334 | D:2      | 1334 ||| DROPPING potion of lignification.
  1335 | D:2      | 1335 ||| DROPPING potion of berserk rage.
  1562 | D:3      | Found Ketzalir's Antique Weapon Shop.
  1595 | D:3      | Reached skill level 6 in Dodging
  1622 | D:3      | 1622 ||| DRINKING 2 metallic orange potions.
  1623 | D:3      | 1623 ||| DROPPING potion of brilliance.
  2069 | D:3      | Noticed Sigmund
  2076 | D:3      | Killed Sigmund
  2077 | D:3      | Reached skill level 6 in Ranged Weapons
  2077 | D:3      | Reached XP level 6. HP: 30/30 MP: 7/7
  2362 | D:3      | 2362 ||| READING scroll labelled HEOPUE GONIEGUWN.
  2362 | D:3      | 2362 ||| ENCHANTING +2 shortbow.
  2749 | D:4      | Found an iron altar of Okawaru.
  2750 | D:4      | 2750 ||| PLANNING OKAWARU WORSHIP
  2753 | D:4      | Became a worshipper of Warmaster Okawaru
  2754 | D:4      | 2754 ||| PLANNING D:1-11
  2757 | D:4      | Found an opulent altar of Gozag.
  2762 | D:4      | Found a radiant altar of Vehumet.
  2786 | D:4      | Found a staircase to the Ecumenical Temple.
  2810 | D:4      | Reached skill level 7 in Dodging
  2810 | D:4      | Reached XP level 7. HP: 35/35 MP: 8/8
  2907 | D:4      | You fall into a shaft and drop 2 floors!
  2961 | D:6      | 2961 ||| PLANNING SEWER
  3035 | D:6      | Reached skill level 8 in Dodging
  3109 | D:6      | Reached * piety under Okawaru
  3195 | D:6      | Reached skill level 1 in Invocations
  3452 | D:6      | Found a glowing drain.
  3456 | Sewer    | Entered a sewer
  3584 | Sewer    | 3584 ||| UPGRADING to ring of protection from fire.
  3585 | Sewer    | 3585 ||| READING scroll labelled ISO KABLEUS.
  3586 | Sewer    | 3586 ||| READING scroll labelled TOOPHA JUVVIA.
  3587 | Sewer    | 3587 ||| READING scroll labelled ODORPH WEDOPTE.
  3588 | Sewer    | 3588 ||| READING 2 scrolls labelled GEBUJUTEFU.
  3589 | Sewer    | 3589 ||| DRINKING 2 amethyst potions.
  3590 | Sewer    | 3590 ||| DROPPING scroll of immolation.
  3608 | D:6      | 3608 ||| PLANNING D:1-11
  3680 | D:5      | Entered Level 5 of the Dungeon
  3730 | D:5      | Reached XP level 8. HP: 39/39 MP: 10/10
  3732 | D:5      | Reached skill level 9 in Dodging
  3770 | D:5      | Noticed Duvessa
  3771 | D:5      | Noticed Dowan
  3780 | D:5      | Killed Duvessa
  3781 | D:5      | Reached skill level 3 in Invocations
  3781 | D:5      | 3781 ||| INVOKING Heroism.
  3788 | D:5      | Killed Dowan
  3877 | D:5      | Noticed a two-headed ogre
  3878 | D:5      | 3878 ||| INVOKING Heroism.
  3882 | D:5      | 3882 ||| RETREEEEATING.
  3885 | D:5      | 3885 ||| RETREEEEATING.
  3886 | D:5      | 3886 ||| RETREEEEATING.
  3898 | D:5      | Killed a two-headed ogre
  3898 | D:5      | Reached ** piety under Okawaru
  3915 | D:5      | Reached XP level 9. HP: 42/43 MP: 12/14
  4081 | D:5      | Reached skill level 3 in Fighting
  4095 | D:5      | Noticed Pikel
  4096 | D:5      | 4096 ||| INVOKING Heroism.
  4108 | D:5      | Killed Pikel
  4109 | D:5      | Reached skill level 10 in Dodging
  4124 | D:5      | 4124 ||| DRINKING 2 fizzy green potions.
  4312 | D:4      | Reached skill level 9 in Ranged Weapons
  4449 | D:4      | 4449 ||| READING scroll of identify.
  4449 | D:4      | 4449 ||| IDENTIFYING fizzy purple potion
  4766 | D:5      | 4766 ||| READING scroll labelled QEROZISITU.
  4879 | D:6      | 4879 ||| RETREEEEATING.
  4881 | D:6      | 4881 ||| RETREEEEATING.
  4887 | D:6      | 4887 ||| RETREEEEATING.
  4888 | D:6      | 4888 ||| RETREEEEATING.
  4900 | D:6      | Reached *** piety under Okawaru
  4902 | D:6      | Reached skill level 11 in Dodging
  5040 | D:6      | Found a runed translucent gate.
  5040 | D:6      | Found a runed translucent gate.
  5040 | D:6      | Found a runed translucent gate.
  5048 | D:6      | Noticed qw's ghost (amateur DEHu)
  5048 | D:6      | Noticed qw's ghost (novice DEHu)
  5156 | D:6      | 5156 ||| FLEEEEING.
  5157 | D:6      | 5157 ||| FLEEEEING.
  5160 | D:6      | 5160 ||| FLEEEEING.
  5167 | D:6      | HP: 1/44 [orc warrior/bolt (19)]
  5168 | D:6      | 5168 ||| DRINKING potion of heal wounds.
  5183 | D:6      | HP: 11/44 [orc warrior/+0 halberd (10)]
  5378 | D:6      | 5378 ||| SWAPPING to +0 arbalest.
  5379 | D:6      | 5379 ||| DROPPING +2 shortbow.
  5728 | D:7      | Noticed Prince Ribbit
  5744 | D:7      | Killed Prince Ribbit
  6071 | D:7      | 6071 ||| READING scroll labelled ICUN WATHRATOQ HATO.
  6072 | D:7      | 6072 ||| READING scroll labelled SAIDWYAROMU.
  6162 | D:8      | Noticed Joseph
  6163 | D:8      | 6163 ||| INVOKING Heroism.
  6167 | D:8      | Killed Joseph
  6168 | D:8      | Reached skill level 12 in Dodging
  6168 | D:8      | Reached XP level 10. HP: 49/49 MP: 12/15
  6757 | D:8      | Reached **** piety under Okawaru
  6945 | D:8      | Noticed a two-headed ogre
  6946 | D:8      | 6946 ||| INVOKING Finesse.
  6949 | D:8      | Killed a two-headed ogre
  6994 | D:8      | 6994 ||| DROPPING +6 ring of intelligence.
  6995 | D:8      | 6995 ||| READING scroll of identify.
  6995 | D:8      | 6995 ||| IDENTIFYING green potion
  6996 | D:8      | 6996 ||| READING 2 scrolls labelled HINOWK VEANU.
  7097 | D:8      | 7097 ||| DRINKING 3 yellow potions.
  7098 | D:8      | 7098 ||| DROPPING potion of degeneration.
  7099 | D:8      | 7099 ||| DROPPING 2 potions of invisibility.
  7100 | D:8      | 7100 ||| DROPPING scroll of vulnerability.
  7130 | D:9      | 7130 ||| RETREEEEATING.
  7136 | D:9      | HP: 12/51 [poisoned by a killer bee]
  7139 | D:9      | Slain by a killer bee

Levels and vault maps discovered:
D:1:      lightli_arrival_boilingwater, layout_basic,
          hellmonk_ecumenical_altar_run_dry
D:2:      cheibrodos_helix_gallery, layout_loops_ring, uniq_terence
D:3:      layout_loops_corners, serial_shops, shop, eino_tiny_chamber,
          minmay_puff, uniq_sigmund
D:4:      layout_loops_corners, grunt_temple_overflow_diamond,
          minmay_temple_entry_statues_pillars
D:5:      layout_loops_cross, uniq_pikel, uniq_duvessa
D:6:      layout_basic, gammafunk_ghost_cemetery, gup_sewer_entry_spiral,
          minmay_unpleasant_kobolds
D:7:      layout_loops_cross, serial_rivers, chequers_serial_rivers_small_3,
          chequers_serial_rivers_large_a, chequers_serial_rivers_small_a,
          chequers_serial_rivers_micro_a, chequers_serial_rivers_room_a,
          uniq_prince_ribbit1
D:8:      layout_loops_corners, uniq_joseph
D:9:      layout_cave_pools, tgw_sif, enter_bailey_6

Skill      XL: |  1  2  3  4  5  6  7  8  9 10 |
---------------+-------------------------------+-----
Dodging        | 3 4 5 6 7 8 9 12 | 12.4
Ranged Weapons | 5 6 7 8 10 | 10.1
Fighting       | 2 3 4 |  4.9
Invocations    | 2 5 |  5.5
Stealth        | |  1.5

Action                     |  1- 3 |  4- 6 |  7- 9 | 10-12 || total
---------------------------+-------+-------+-------+-------++-------
   Fire: Shortbow          |    78 |   149 |   299 |       ||   526
         Arbalest          |       |       |    53 |    65 ||   118
 Invoke: Heroism           |       |       |     4 |       ||     4
         Finesse           |       |       |       |     1 ||     1
    Use: Scroll            |     6 |     4 |     8 |     2 ||    20
         Potion            |       |     3 |     3 |     1 ||     7
 Armour: Robe              |     6 |    12 |    31 |    15 ||    64
  Dodge: Dodged            |    21 |    46 |   177 |    82 ||   326

Table legend:
 A = Non-vault XP
 B = Vault XP
 C = Vault XP percentage of total XP
 D = Non-vault monster count
 E = Vault monster count
 F = Vault count percentage of total count
                 A         B        C        D         E       F
            +---------+---------+-------+---------+---------+-------
      Total |    5008 |    2311 |  31.6 |     177 |      32 |  15.3
            +---------+---------+-------+---------+---------+-------
        D:1 |      45 |       0 |   0.0 |      28 |       0 |   0.0
        D:2 |     115 |      40 |  25.8 |      23 |       3 |  11.5
        D:3 |      80 |     238 |  74.8 |      19 |       7 |  26.9
        D:4 |     381 |       0 |   0.0 |      20 |       0 |   0.0
        D:5 |    1428 |     853 |  37.4 |      25 |       3 |  10.7
        D:6 |     691 |     339 |  32.9 |      13 |      12 |  48.0
        D:7 |     766 |     251 |  24.7 |      22 |       1 |   4.3
        D:8 |    1314 |     455 |  25.7 |      24 |       1 |   4.0
        D:9 |     188 |       0 |   0.0 |       3 |       0 |   0.0
      Sewer |       0 |     135 | 100.0 |       0 |       5 | 100.0
            +---------+---------+-------+---------+---------+-------
